 Dungeon Crawl Stone Soup version 0.15-a0-2151-gce93697 (webtiles) character file.

4490 Qrupt the Fighter (level 10, -7/73 HPs)
             Began as a Kobold Fighter on July 19, 2014.
             Was a Believer of Qazlal.
             Mangled by a komodo dragon (11 damage)
             ... on Level 1 of the Lair of Beasts.
             The game lasted 00:26:15 (10705 turns).

Qrupt the Fighter (Kobold Fighter)                 Turns: 10705, Time: 00:26:16

HP  -7/73        AC 14     Str 19      XL: 10   Next: 65%
MP  16/18        EV 10     Int  6      God: Qazlal [**....]
Gold 208         SH  9     Dex 18      Spells:  0 memorised,  9 levels left

rFire  . . .     SeeInvis .     B - +7 cutlass "Zeotseul" {distort, Dex+3}
rCold  . . .     Clarity  .     b - +0 scale mail
rNeg   . . .     rCorr    .     c - +0 buckler
rPois  .         rRot     .     w - +0 helmet
rElec  .         Spirit   .     I - +0 cloak
SustAb .         Warding  .     (no gloves)
rMut   .         Stasis   .     s - +1 pair of boots
Gourm  .                        l - amulet of rage
MR     .....                    g - +4 ring of protection
                                q - ring of stealth

@: not resistant to hostile enchantments, very unstealthy
A: carnivore 3
a: Upheaval, Renounce Religion, Evoke Berserk Rage


You were on level 1 of the Lair of Beasts.
You worshipped Qazlal.
Qazlal was pleased with you.
You were full.

You visited 3 branches of the dungeon, and saw 10 of its levels.
You also visited: Sewer.

You collected 493 gold pieces.
You spent 285 gold pieces at shops.

Inventory:

Hand weapons
 a - a +0 cutlass
 B - the cursed +7 cutlass "Zeotseul" (weapon) {distort, Dex+3}
   (You bought it in a shop on level 7 of the Dungeon)

   It warps and distorts space around it.
   Unwielding it can cause banishment or high damage.
   It affects your dexterity (+3).
   It has a curse placed upon it.
Armour
 b - a +0 scale mail (worn)
 c - a +0 buckler (worn)
 s - a +1 pair of boots (worn)
 w - a +0 helmet (worn)
 I - a +0 cloak (worn)
 M - a +0 plate armour
Magical devices
 z - a wand of paralysis (9) {unknown}
Comestibles
 d - 4 meat rations
 f - a slice of pizza
 t - 3 beef jerkies
 C - a royal jelly
Scrolls
 h - 6 scrolls of remove curse
 j - a scroll of fear
 k - a scroll of noise {unknown}
 u - a scroll of magic mapping {unknown}
 x - a scroll of fog {unknown}
 y - 3 scrolls of enchant weapon {unknown}
 D - 2 scrolls of enchant armour
 F - a scroll of recharging {unknown}
 G - a scroll of acquirement {unknown}
 H - a scroll of identify
 N - a scroll of random uselessness {unknown}
Jewellery
 g - a +4 ring of protection (right hand)
 l - an amulet of rage (around neck)
 q - a ring of stealth (left hand)
 r - an uncursed ring of stealth
 K - an uncursed amulet of guardian spirit {unknown}
 L - an uncursed ring of flight {unknown}
Potions
 e - a potion of heal wounds
 i - a potion of decay
 m - 2 potions of curing
 n - a potion of poison {unknown}
 o - a potion of agility
 p - a potion of degeneration
 v - a potion of cancellation
 A - a potion of lignification {unknown}
 E - 3 potions of might
 J - a potion of haste {unknown}


   Skills:
 - Level 13.0 Fighting
 - Level 10.5 Short Blades
 - Level 2.4 Armour
 - Level 2.4 Shields
 + Level 5.3 Evocations


You had 9 spell levels left.
You didn't know any spells.

Dungeon Overview and Level Annotations

Branches:
Dungeon (8/15)             Temple (1/1) D:5            Lair (1/8) D:8

Altars:
Ashenzari
Cheibriados
Dithmenos
Elyvilon
Fedhas
Gozag
Kikubaaqudgha
Makhleb
Nemelex Xobeh
Okawaru
Qazlal
Sif Muna
Trog
Vehumet
Xom
Yredelemnul
Zin
The Shining One

Shops:
D:7 *(*=


Innate Abilities, Weirdness & Mutations

You are small and have problems with some larger weapons.
You are carnivorous and can eat meat at any time.


Message History

The komodo dragon bites you!
* * * LOW HITPOINT WARNING * * *
You closely miss the komodo dragon.
The komodo dragon is moderately wounded.
You hit the komodo dragon.
Space warps horribly around the komodo dragon!
The komodo dragon is almost dead.
The komodo dragon bites you.
* * * LOW HITPOINT WARNING * * *
You barely miss the komodo dragon.
The komodo dragon is almost dead.
The blink frog hits you!
* * * LOW HITPOINT WARNING * * *
You block the komodo dragon's attack.
You puncture the blink frog!
You kill the blink frog!
Qazlal accepts your kill.
Your Evocations skill increases to level 5!
The komodo dragon bites you!
You die...

#.......# #.....# #.......##
#...... #........# #.....# .
#.......## #.....# ..#
#.......# ###.....###....
#.......#####P#............
#..........................
#..................%........
#..............@l...........
#P####.##########.#########.
### ###


You could see a komodo dragon.

Vanquished Creatures
  A centaur warrior (D:8)
  3 blink frogs (Lair:1)
  A hungry ghost (D:5)
  2 ice beasts
  A phantom (D:4)
  3 centaurs (D:8)
  A boggart (shapeshifter) (D:8)
  2 ogres (D:8)
  3 big kobolds (Sewer)
  A giant frog (D:6)
  2 scorpions
  A killer bee (D:8)
  3 crimson imps
  A giant frog zombie (D:6)
  A centaur zombie (D:6)
  3 orc priests (D:5)
  A giant frog skeleton (D:7)
  3 hounds
  6 orc wizards
  6 worker ants
  An elf skeleton (D:8)
  2 quasits
  A big kobold skeleton (D:3)
  10 gnolls (D:8)
  13 adders
  A green rat (Sewer)
  A shadow imp (D:5)
  3 giant mites
  10 worms
  2 orc zombies (D:8)
  An adder zombie (D:8)
  An iguana skeleton (D:6)
  An orc skeleton (D:4)
  8 giant geckos
  An ooze (Sewer)
  19 orcs
  6 ball pythons
  12 bats
  A bat zombie (D:5)
  6 giant cockroaches
  18 hobgoblins
  5 jackals
  17 kobolds
  5 quokkas
  3 giant newts
  8 goblins
  2 quokka skeletons
  A quokka zombie (D:7)
  9 rats
  A rat zombie (D:8)
214 creatures vanquished.

Vanquished Creatures (others)
  A hill giant (D:8)
  A wyvern (D:8)
  An orc warrior (D:7)
  A giant frog (D:7)
  A gnoll sergeant (D:8)
  A goliath beetle (D:7)
  A worker ant (D:8)
7 creatures vanquished.

Grand Total: 221 creatures vanquished

Notes
Turn   | Place    | Note
--------------------------------------------------------------
     0 | D:1      | Qrupt, the Kobold Fighter, began the quest for the Orb.
     0 | D:1      | Reached XP level 1. HP: 14/14 MP: 1/1
   798 | D:1      | Reached XP level 2. HP: 13/19 MP: 2/2
  1110 | D:2      | Reached skill level 4 in Short Blades
  1110 | D:2      | Reached XP level 3. HP: 14/23 MP: 3/3
  1486 | D:2      | Reached skill level 5 in Short Blades
  1693 | D:2      | Reached XP level 4. HP: 18/28 MP: 4/4
  2235 | D:3      | Found a glowing drain.
  2255 | D:3      | Reached skill level 6 in Short Blades
  2259 | Sewer    | Entered a sewer
  2325 | Sewer    | Noticed a big kobold
  2365 | Sewer    | Killed a big kobold
  2365 | Sewer    | Reached skill level 7 in Short Blades
  2365 | Sewer    | Reached XP level 5. HP: 20/32 MP: 5/5
  2482 | Sewer    | Noticed a big kobold
  2518 | Sewer    | Killed a big kobold
  2518 | Sewer    | Reached skill level 8 in Short Blades
  2518 | Sewer    | Reached XP level 6. HP: 8/37 MP: 6/6
  2878 | Sewer    | Noticed a big kobold
  2905 | Sewer    | Killed a big kobold
  3363 | Sewer    | Reached skill level 9 in Short Blades
  3427 | Sewer    | Reached XP level 7. HP: 11/41 MP: 7/7
  4722 | D:4      | Reached skill level 10 in Short Blades
  5276 | D:5      | Entered Level 5 of the Dungeon
  5348 | D:5      | Found a staircase to the Ecumenical Temple.
  5437 | Temple   | Entered the Ecumenical Temple
  5572 | Temple   | Became a worshipper of Qazlal Stormbringer
  5711 | D:5      | Reached XP level 8. HP: 16/48 MP: 8/8
  6216 | D:5      | Reached skill level 5 in Fighting
  7568 | D:6      | Found a sparkling altar of Nemelex Xobeh.
  7609 | D:6      | Found a radiant altar of Vehumet.
  7741 | D:6      | Found a bloodstained altar of Trog.
  7793 | D:6      | Found a deep blue altar of Sif Muna.
  7898 | D:6      | Found a blossoming altar of Fedhas.
  7928 | D:7      | Acquired Qazlal's first power
  7935 | D:7      | Reached XP level 9. HP: 53/59 MP: 9/9
  8053 | D:7      | Found Ipuegoos' Antique Weapon Boutique.
  8064 | D:7      | Bought a fine cutlass for 225 gold pieces
  8065 | D:7      | Identified the cursed +7 cutlass "Zeotseul" {distort, Dex+3} (You bought it in a shop on level 7 of the Dungeon)
  8349 | D:7      | Found Cusot's Assorted Antiques.
  8358 | D:7      | Bought a scroll labeled KEUROA HOATEAF for 15 gold pieces
  8358 | D:7      | Bought a scroll labeled LUIJ AKHUNE for 15 gold pieces
  8358 | D:7      | Bought a scroll labeled ARUUPH RYNUYPP for 15 gold pieces
  8358 | D:7      | Bought a scroll labeled IMPIT UCOMO for 15 gold pieces
  8421 | D:7      | Found a glowing golden altar of the Shining One.
  8501 | D:7      | Found Wituigah's General Store.
  8935 | D:7      | Found Xeyhaosch's Jewellery Boutique.
  9090 | D:8      | Reached skill level 10 in Fighting
  9238 | D:8      | Acquired Qazlal's second power
  9320 | D:8      | Reached skill level 11 in Fighting
  9390 | D:8      | Got an encrusted ring mail
  9403 | D:8      | Identified the +0 ring mail of the Blessed Realm {Str-4 Int+1} (You found it on level 8 of the Dungeon)
  9499 | D:8      | Noticed a centaur warrior
  9514 | D:8      | Noticed a hill giant
  9533 | D:8      | HP: 1/64 [hill giant/giant spiked club (37)]
  9539 | D:8      | Found a staircase to the Lair.
  9850 | D:8      | Banished a hill giant
  9850 | D:8      | Reached XP level 10. HP: 69/71 MP: 10/10
  9991 | D:8      | Reached skill level 12 in Fighting
 10031 | D:8      | Killed a centaur warrior
 10279 | D:8      | Reached skill level 13 in Fighting
 10379 | D:8      | Reached skill level 1 in Evocations
 10595 | Lair:1   | Entered Level 1 of the Lair of Beasts
 10595 | Lair:1   | Noticed a spiny frog
 10705 | Lair:1   | Reached skill level 5 in Evocations
 10705 | Lair:1   | Mangled by a komodo dragon

Action                   |  1- 3 |  4- 6 |  7- 9 | 10-12 || total
-------------------------+-------+-------+-------+-------++-------
Melee: Cutlass           |   109 |   263 |   672 |    82 ||  1126
  Use: Potion            |       |     2 |     5 |       ||     7
       Scroll            |       |       |    14 |       ||    14
 Stab: Invisible         |       |     2 |       |       ||     2
  Eat: Chunk             |     4 |     9 |    16 |     7 ||    36
